 Dungeon Crawl Stone Soup version 0.26-a0-665-gefeb406119 (webtiles) character file.

Game seed: 13268844974213264450

140193 zazu2006 the Unseen (level 17, 0/159 HPs)
             Began as a Naga Hedge Wizard on Oct 15, 2020.
             Was the Champion of Vehumet.
             Slain by a 13-headed hydra (7 damage)
             ... on level 3 of the Swamp.
             The game lasted 01:37:16 (42512 turns).

zazu2006 the Unseen (Naga Hedge Wizard)            Turns: 42512, Time: 01:37:18

Health: 0/159      AC: 22    Str: 20    XL:     17   Next: 30%
Magic:  23/31      EV: 17    Int: 19    God:    Vehumet [******]
Gold:   2149       SH:  0    Dex: 17    Spells: 7/37 levels left

rFire    + . .     SeeInvis +   u - +4 scimitar (flame)
rCold    . . .     Faith    +   (no shield)
rNeg     . . .     Spirit   .   b - +3 leather armour {rF+}
rPois    +         Reflect  .   T - +2 helmet
rElec    .         Harm     .   r - +1 cloak
rCorr    .         Rampage  .   M - +0 pair of gloves {Dex+3}
MR       ++...     Clarity  +   j - +0 barding
Stlth    +++++++...             R - amulet of faith
HPRegen  0.36/turn              n - +4 ring of evasion
MPRegen  0.22/turn              C - +6 ring of strength

@: very slow
A: large, see invisible, agile 1, clarity, deformed body, poison resistance,
slowness 2, spit poison 1, constrict 1, AC +5
a: Spit Poison, Renounce Religion


You were on level 3 of the Swamp.
You worshipped Vehumet.
Vehumet was exalted by your worship.
You visited 5 branches of the dungeon, and saw 27 of its levels.
You also visited: Volcano.

You collected 2654 gold pieces.
You spent 505 gold pieces at shops.

Inventory:

Hand Weapons
 u - a +4 scimitar of flaming (weapon)
Armour
 b - a +3 leather armour of fire resistance (worn)
 j - a +0 barding (worn)
 r - a +1 cloak (worn)
 M - a +0 pair of gloves of dexterity (worn)
 T - a +2 helmet (worn)
Jewellery
 g - a +6 ring of dexterity
 n - a +4 ring of evasion (left hand)
 q - a +6 ring of intelligence {unknown}
 C - a +6 ring of strength (right hand)
 F - an uncursed ring of protection from cold {unknown}
 R - an amulet of faith (around neck)
Wands
 f - a wand of paralysis (16)
 x - a wand of flame (63)
 A - a wand of digging (1)
 B - a wand of disintegration (9)
 J - a wand of polymorph (24)
 K - a wand of enslavement (43)
Scrolls
 d - 6 scrolls of blinking
 e - 16 scrolls of teleportation
 i - 15 scrolls of remove curse
 k - a scroll of silence
 m - 7 scrolls of identify
 p - a scroll of amnesia
 s - 6 scrolls of magic mapping
 v - a scroll of enchant weapon
 y - 2 scrolls of fog
 Q - a scroll of fear
Potions
 a - 3 potions of stabbing
 c - 9 potions of heal wounds
 h - 5 potions of flight
 l - a potion of magic
 o - a potion of resistance
 t - 3 potions of haste
 w - 5 potions of brilliance
 z - a potion of invisibility
 D - a potion of cancellation
 E - a potion of mutation
 G - 3 potions of berserk rage
 N - a potion of ambrosia
 O - 3 potions of lignification
 S - 4 potions of curing


   Skills:
 + Level 12.0 Fighting
 - Level 14.0 Long Blades
 + Level 6.3 Armour
 + Level 9.0 Dodging
 - Level 17.4 Stealth
 * Level 10.8 Spellcasting
 + Level 7.8 Conjurations
   Level 1.0 Summonings
 + Level 3.6 Translocations
 + Level 1.8 Fire Magic
 + Level 6.4 Air Magic
 + Level 5.6 Earth Magic
 - Level 8.7 Poison Magic
 + Level 1.1 Evocations


You had 7 spell levels left.
You knew the following spells:

 Your Spells              Type           Power        Failure   Level
a - Magic Dart            Conj           ####         1%          1
b - Mephitic Cloud        Conj/Pois/Air  #####...     1%          3
c - Conjure Flame         Conj/Fire      ####....     1%          3
d - Blink                 Tloc           N/A          2%          2
e - Stone Arrow           Conj/Erth      #####.       1%          3
f - Lee's Rapid Deconstr  Erth           ####......   6%          5
g - Iskenderun's Mystic   Conj/Tloc      ####....     2%          4
h - Fireball              Conj/Fire      ####......   9%          5
i - Airstrike             Air            ####......   1%          4

Your spell library contained the following spells:

 Spells                   Type           Power        Failure   Level
 Iron Shot                Conj/Erth      #####.....   19%         6
 Apportation              Tloc           ###...       1%          1
 Sandblast                Erth           ####..       1%          1
 Shock                    Conj/Air       ####         1%          1
 Swiftness                Air            ####....     1%          2
 Dazzling Flash           Conj/Hex       ####..       1%          3
 Ignite Poison            Fire/Tmut/Pois ###.....     1%          3
 Static Discharge         Conj/Air       #####...     1%          3
 Passwall                 Tmut/Erth      ###.....     3%          2
 Lightning Bolt           Conj/Air       #####.....   3%          5
 Summon Small Mammal      Summ           ##..         5%          1
 Animate Skeleton         Necr           ##....       8%          1
 Corona                   Hex            ##.....      8%          1
 Call Imp                 Summ           ##......     8%          2
 Ensorcelled Hibernation  Hex/Ice        ##....       12%         2
 Slow                     Hex            ##......     12%         2
 Sublimation of Blood     Necr           ##........   12%         2
 Irradiate                Conj/Tmut      ####......   12%         5
 Confusing Touch          Hex            ##......     24%         3
 Tukima's Dance           Hex            ##......     24%         3
 Petrify                  Tmut/Erth      ###.....     24%         4
 Alistair's Intoxication  Tmut/Pois      ####.....    34%         5
 Summon Forest            Summ/Tloc      ###.......   63%         5
 Summon Demon             Summ           ##........   82%         5
 Summon Mana Viper        Hex/Summ       ##......     87%         5
 Eringya's Noxious Bog    Tmut/Pois      ####......   89%         6
 Shadow Creatures         Summ           N/A          100%        6
 Summon Hydra             Summ           ##........   100%        7
 Ignition                 Fire           ###.......   100%        8
 Shatter                  Erth           ####......   100%        9
 Tornado                  Air            ####......   100%        9


Dungeon Overview and Level Annotations

Branches:
Dungeon (15/15)            Temple (1/1) D:6            Lair (6/6) D:8
  Swamp (3/4) Lair:4        Snake (0/4) Lair:2        Slime (0/5) Lair:6
    Orc (2/2) D:12            Elf (0/3) Orc:2        Vaults (0/5) D:14
 Depths (0/5) D:15        Volcano (visited)

Altars:
Ashenzari
Cheibriados
Dithmenos
Elyvilon
Fedhas
Gozag
Hepliaklqana
Kikubaaqudgha
Makhleb
Nemelex Xobeh
Okawaru
Qazlal
Ru
Sif Muna
Trog
Uskayaw
Vehumet
Wu Jian
Xom
Yredelemnul
Zin
The Shining One
Jiyva

Shops:
D:5 ?   D:10 }   D:12 *   D:14 *   Orc:1 *   Orc:2 *!?[*:=!

Portals:
Pandemonium: Orc:2
Trove: D:12 (give +5 demon blade)

Annotations:
D:8 1 runed translucent door
Lair:6 1 runed translucent door


Innate Abilities, Weirdness & Mutations

You cannot wear boots.
Your serpentine skin is tough. (AC +5)
You have supernaturally acute eyesight. (SInv)
Armour fits poorly on your strangely shaped body.
Your system is resistant to poisons. (rPois)
You cover ground very slowly.
You can spit poison.
You can use your snake-like lower body to constrict enemies.
You are agile. (Dex +2)
You possess an exceptional clarity of mind.


Message History

Confirm with . or Enter, or press ? or * to list all spells.
You blink.
Found a potion of might.
Found two human corpses, a runed glaive and 22 gold pieces.
Found a human corpse, a scroll of teleportation and 24 gold pieces.
Evoke which item? (* to show all) (? for menu, Esc to quit)
Aiming: Disintegrate
Press: ? - help, Shift-Dir - straight line, f - 13-headed hydra
Aim: a 13-headed hydra (heavily wounded, chance to defeat MR: 35%)
The 13-headed hydra easily resists.
The 13-headed hydra bites you.
* * * LOW HITPOINT WARNING * * *
The 13-headed hydra bites you but does no damage.
The 13-headed hydra bites you!
* * * LOW HITPOINT WARNING * * *
The 13-headed hydra bites you!
* * * LOW HITPOINT WARNING * * *
The 13-headed hydra barely misses you.
The 13-headed hydra bites you but does no damage.
The 13-headed hydra bites you!
You die...

...≈...♣...≈.♣♣♣♣≈♣♣♣ ♣♣♣≈
.≈.≈≈≈≈.≈≈i..♣♣♣♣≈..♣♣♣♣≈§.
≈≈..≈≈≈≈≈≈≈♣♣§....≈........
≈≈≈≈≈≈♣≈≈D.♣♣)≈≈≈.≈.≈≈≈.≈..
♣.≈..≈..$..≈.≈≈.≈.....≈≈.
♣...D≈♣♣.♣.≈≈....≈≈...♣
♣♣..≈♣ ♣.§≈≈≈≈..≈.≈.♣♣♣
♣♣♣≈..♣♣♣.≈..≈≈..≈..♣♣
♣!≈..≈D@♣.≈≈≈♣≈≈≈...♣
♣≈♣♣♣.♣♣§♣.≈♣♣......♣ ♣♣
.†.. ♣≈♣.♣♣.....♣♣ †..).≈.
♣.. ♣♣..≈.♣ ♣..≈†PP.. .♣♣
♣..≈.♣ ♣≈≈.$..≈.. ♣ ♣..≈≈♣
♣♣..≈≈.≈.♣ .≈≈.≈♣ ♣P$.?.
.≈≈≈.♣♣ ♣♣.≈.≈≈


You could see a 13-headed hydra.

Vanquished Creatures
  A thorn hunter (Swamp:3)
  Kirke (Swamp:1)
  The ghost of YayAnonymity the Blocker, a journeyman FoFi of Okawaru (D:13)
  A dire elephant (D:15)
  Snorg (Orc:1)
  2 ettins (Orc:2)
  Harold (Lair:1)
  A boulder beetle (D:15)
  A ghost crab (Swamp:2)
  23 hydras
  5 catoblepae
  7 two-headed ogres
  Erica (D:9)
  2 centaur warriors
  7 alligators
  A death knight (D:14)
  12 death yaks (Lair:6)
  2 orc high priests (Orc:2)
  Sonja (D:12)
  A sun demon (Orc:2)
  A soul eater (Orc:2)
  Nergalle (Orc:1)
  2 torturous demonspawn (Orc:2)
  A fire crab (Lair:6)
  A swamp dragon (Swamp:1)
  A spriggan druid (Swamp:3)
  2 gelid demonspawn (Orc:2)
  A wizard (D:15)
  8 orc knights
  Pikel (D:6)
  5 lindwurms
  6 ugly things
  11 orc sorcerers
  2 deep elf magi
  A necromancer (D:14)
  2 cyclopes
  5 manticores
  12 elephants
  7 black mambas
  5 molten gargoyles (Volcano)
  A centaur zombie (D:13)
  Psyche (D:8)
  A rust devil (Orc:2)
  4 rime drakes
  19 komodo dragons
  A cane toad (shapeshifter) (D:14)
  5 torpor snails (Lair:6)
  21 cane toads
  A yaktaur (D:15)
  A kobold demonologist (D:14)
  2 efreet
  2 hellwings (Orc:2)
  4 polar bears
  10 trolls
  12 tyrant leeches
  Grinder (D:5)
  9 hornets
  4 dream sheep (Lair:6)
  Prince Ribbit (D:5)
  33 blink frogs
  6 bog bodies
  21 slime creatures
  A harpy skeleton (D:14)
  4 wyverns
  2 spriggans
  A vampire (D:14)
  A wraith (D:11)
  39 yaks
  4 hogs (Swamp:1)
  3 fire elementals (Volcano)
  A human (Swamp:1)
  3 basilisks
  2 steam dragons
  A neqoxec (Orc:2)
  19 vampire mosquitoes
  A warg (Orc:1)
  4 nagas (Lair:2)
  7 swamp worms
  14 insubstantial wisps
  10 water moccasins
  7 swamp drakes
  2 ice beasts
  3 black bears
  37 orc warriors
  3 phantoms
  2 sky beasts
  31 wolves
  6 ogres
  10 centaurs
  4 lemures
  A big kobold (D:11)
  20 bullfrogs
  2 gnoll sergeants
  A wyvern skeleton (D:10)
  12 killer bees
  6 scorpions
  4 wights (D:11)
  2 howler monkeys
  2 bullfrog zombies
  2 quasits
  2 jellies
  3 hounds
  25 orc priests
  Crazy Yiuf (D:3)
  2 centaur skeletons
  2 bullfrog skeletons
  29 orc wizards
  5 iguanas
  Terence (D:2)
  12 worker ants
  A killer bee zombie (D:8)
  A hound zombie (D:6)
  A hound skeleton (D:10)
  15 gnolls
  11 adders
  8 shadow imps
  3 ufetubi
  3 oozes
  2 adder skeletons
  2 worms
  A dart slug (D:2)
  2 leopard geckos
  96 orcs
  2 ball pythons
  A giant cockroach (D:4)
  5 goblins
  5 hobgoblins
  5 jackals (D:3)
  5 quokkas
  2 bats
  3 frilled lizards
  6 kobolds
  A leopard gecko skeleton (D:5)
  A quokka zombie (D:5)
  5 rats
850 creatures vanquished.

Vanquished Creatures (collateral kills)
  A wolf (Lair:5)
1 creature vanquished.

Vanquished Creatures (others)
  A hornet (Lair:6)
  A swamp drake (Swamp:2)
  An earth elemental (Volcano)
  An adder (D:12)
  2 bushes
  A fire vortex (Volcano)
  69 fungi
  96 plants
172 creatures vanquished.

Grand Total: 1023 creatures vanquished

Notes
Turn   | Place    | Note
-------+----------+-------------------------------------------
     0 | D:1      | zazu2006 the Naga Hedge Wizard began the quest for the Orb.
     0 | D:1      | Reached XP level 1. HP: 15/15 MP: 4/4
   693 | D:1      | Reached XP level 2. HP: 22/22 MP: 4/6
  1213 | D:2      | Noticed Terence
  1236 | D:2      | Killed Terence
  1236 | D:2      | Reached XP level 3. HP: 12/28 MP: 1/8
  1245 | D:2      | Learned a level 3 spell: Mephitic Cloud
  1249 | D:2      | Learned a level 3 spell: Conjure Flame
  1252 | D:2      | Learned a level 2 spell: Blink
  1666 | D:2      | Reached XP level 4. HP: 33/36 MP: 4/9
  1712 | D:3      | Reached skill level 1 in Poison Magic
  2168 | D:3      | Reached skill level 1 in Armour
  2419 | D:3      | Reached XP level 5. HP: 30/43 MP: 5/11
  2873 | D:3      | Reached skill level 1 in Long Blades
  3032 | D:3      | Found a runed translucent door.
  3033 | D:3      | Noticed Crazy Yiuf
  3045 | D:3      | Killed Crazy Yiuf
  3120 | D:3      | Reached XP level 6. HP: 31/50 MP: 10/12
  3250 | D:3      | Reached skill level 1 in Fighting
  3840 | D:4      | Found a sacrificial altar of Ru.
  4037 | D:4      | Gained mutation: You are agile. (Dex +2) [potion of
                  | mutation]
  4037 | D:4      | Gained mutation: You possess an exceptional clarity of
                  | mind. [potion of mutation]
  4041 | D:4      | Reached XP level 7. HP: 57/57 MP: 1/13
  4493 | D:4      | Found a glowing silver altar of Zin.
  4838 | D:5      | Entered Level 5 of the Dungeon
  4840 | D:5      | Found Wecyps's Magic Scroll Boutique.
  4856 | D:5      | Bought a scroll of noise for 15 gold pieces
  5238 | D:5      | Noticed Grinder
  5268 | D:5      | Paralysed by Grinder for 2 turns
  5273 | D:5      | Paralysed by Grinder for 7 turns
  5694 | D:5      | Learned a level 3 spell: Stone Arrow
  5805 | D:5      | Noticed Prince Ribbit
  5820 | D:5      | Killed Prince Ribbit
  5820 | D:5      | Reached skill level 4 in Stealth
  5820 | D:5      | Reached XP level 8. HP: 50/67 MP: 12/14
  5974 | D:5      | Found a white marble altar of Elyvilon.
  6050 | D:6      | Noticed Pikel
  6100 | D:5      | Paralysed by Grinder for 2 turns
  6119 | D:5      | Paralysed by Grinder for 6 turns
  6562 | D:6      | Found a staircase to the Ecumenical Temple.
  6581 | Temple   | Entered the Ecumenical Temple
  6804 | Temple   | Became a worshipper of Vehumet
  7176 | D:6      | Found an opulent altar of Gozag.
  7216 | D:6      | Killed Pikel
  7216 | D:6      | Reached skill level 5 in Long Blades
  7216 | D:6      | Reached skill level 5 in Stealth
  7216 | D:6      | Reached skill level 5 in Spellcasting
  7289 | D:6      | Reached XP level 9. HP: 61/74 MP: 12/16
  7343 | D:6      | Reached skill level 1 in Air Magic
  7596 | D:6      | Found a stormy altar of Qazlal.
  7952 | D:5      | Paralysed by Grinder for 6 turns
  7958 | D:5      | Killed Grinder
  8447 | D:7      | Reached skill level 6 in Stealth
  8752 | D:7      | Found a shadowy altar of Dithmenos.
 10120 | D:8      | Noticed a two-headed ogre
 10305 | D:8      | Reached skill level 7 in Stealth
 10562 | D:8      | Found a glowing silver altar of Zin.
 10562 | D:8      | Noticed an angel
 10569 | D:8      | Found a runed translucent door.
 10618 | D:8      | Found a staircase to the Lair.
 10729 | D:8      | Reached XP level 10. HP: 73/85 MP: 17/17
 10730 | D:8      | Reached * piety under Vehumet
 10730 | D:8      | Offered knowledge of Foxfire by Vehumet.
 10736 | D:8      | Reached skill level 8 in Stealth
 10797 | D:8      | You fall into a shaft and drop 2 floors!
 10797 | D:10     | Entered Level 10 of the Dungeon
 11978 | D:9      | Offered knowledge of Shock by Vehumet.
 11978 | D:9      | Reached skill level 9 in Stealth
 11992 | D:9      | Reached ** piety under Vehumet
 12068 | D:9      | Reached skill level 5 in Poison Magic
 12262 | D:9      | Noticed Erica
 12262 | D:9      | Paralysed by Erica for 5 turns
 12282 | D:9      | Killed Erica
 12541 | D:8      | Noticed Psyche
 12553 | D:8      | Killed Psyche
 12654 | D:8      | Killed a two-headed ogre
 12654 | D:8      | Reached skill level 5 in Fighting
 12654 | D:8      | Reached skill level 10 in Stealth
 12654 | D:8      | Reached XP level 11. HP: 56/94 MP: 11/19
 12887 | D:8      | Found an ornate altar of the Wu Jian Council.
 13225 | Lair:1   | Entered Level 1 of the Lair of Beasts
 13225 | Lair:1   | Noticed a five-headed hydra
 13236 | D:8      | Killed a one-headed hydra
 13449 | Lair:1   | Noticed a four-headed hydra
 13460 | Lair:1   | Killed a one-headed hydra
 13460 | Lair:1   | Reached skill level 1 in Earth Magic
 13831 | Lair:1   | Reached skill level 5 in Dodging
 13945 | Lair:1   | Found the +12 glaive of Prune {vorpal}
 14064 | Lair:1   | Noticed Harold
 14422 | Lair:1   | Killed Harold
 14615 | Lair:1   | Offered knowledge of Ignite Poison by Vehumet.
 15328 | Lair:2   | Found a dark tunnel.
 15329 | Lair:2   | Noticed a lindwurm
 15334 | Lair:2   | Killed a lindwurm
 15334 | Lair:2   | Reached *** piety under Vehumet
 15334 | Lair:2   | Reached XP level 12. HP: 29/105 MP: 14/21
 15363 | Volcano  | Entered a volcano
 15638 | Volcano  | Reached skill level 11 in Stealth
 15870 | Volcano  | Learned a level 5 spell: Lee's Rapid Deconstruction
 16235 | Volcano  | Reached skill level 10 in Long Blades
 17244 | Lair:2   | Offered knowledge of Sticky Flame by Vehumet.
 17439 | Lair:2   | Reached skill level 1 in Evocations
 18085 | Lair:2   | Reached skill level 5 in Conjurations
 18248 | Lair:2   | Found a staircase to the Snake Pit.
 19094 | Lair:3   | Gained mutation: You can use your snake-like lower body to
                  | constrict enemies. [Naga growth]
 19094 | Lair:3   | Reached XP level 13. HP: 104/115 MP: 20/24
 19563 | Lair:3   | Reached **** piety under Vehumet
 19666 | Lair:3   | Reached skill level 5 in Armour
 20060 | Lair:4   | Reached skill level 12 in Stealth
 20765 | Lair:4   | Offered knowledge of Frozen Ramparts by Vehumet.
 21572 | Lair:4   | Found a staircase to the Swamp.
 22936 | Lair:6   | Entered Level 6 of the Lair of Beasts
 22949 | Lair:6   | Reached skill level 13 in Stealth
 22955 | Lair:6   | Reached ***** piety under Vehumet
 23119 | Lair:6   | Offered knowledge of Conjure Ball Lightning by Vehumet.
 23119 | Lair:6   | Reached XP level 14. HP: 97/126 MP: 12/26
 24084 | Lair:6   | Found a runed translucent door.
 24182 | Lair:6   | Reached skill level 5 in Air Magic
 24856 | Lair:6   | Reached skill level 14 in Stealth
 26053 | Lair:6   | Found a viscous altar of Jiyva.
 26054 | Lair:6   | Found a staircase to the Slime Pits.
 26378 | Lair:6   | Reached XP level 15. HP: 71/135 MP: 27/27
 27715 | D:10     | Offered knowledge of Iskenderun's Mystic Blast by Vehumet.
 27726 | D:10     | Learned a level 4 spell: Iskenderun's Mystic Blast
 28216 | D:10     | Found Risos's Gadget Emporium.
 28902 | D:11     | Reached skill level 15 in Stealth
 29079 | D:10     | Found a glowing silver altar of Zin.
 29139 | D:12     | Found Ubeofeyb's General Store.
 29209 | D:12     | Noticed Sonja
 29218 | D:12     | Killed Sonja
 29375 | D:12     | Offered knowledge of Fireball by Vehumet.
 29395 | D:12     | Learned a level 5 spell: Fireball
 29480 | D:12     | Found a portal to a secret trove of treasure.
 29491 | D:12     | Found a staircase to the Orcish Mines.
 29793 | Orc:1    | Entered Level 1 of the Orcish Mines
 29793 | Orc:1    | Found Gimyo's Goods Gallery.
 29824 | Orc:1    | Noticed Nergalle
 29841 | Orc:1    | Killed Nergalle
 29845 | Orc:1    | Noticed Snorg
 29869 | Orc:1    | Killed Snorg
 30367 | Orc:2    | Entered Level 2 of the Orcish Mines
 30776 | Orc:2    | Found Iriul's Assorted Antiques.
 30785 | Orc:2    | Reached skill level 10 in Fighting
 30996 | Orc:2    | Reached skill level 5 in Earth Magic
 31091 | Orc:2    | Found Guleidac's Distillery.
 31092 | Orc:2    | Found a staircase to the Elven Halls.
 31099 | Orc:2    | Bought a potion of heal wounds for 75 gold pieces
 31638 | Orc:2    | Offered knowledge of Yara's Violent Unravelling by Vehumet.
 31647 | Orc:2    | Learned a level 4 spell: Airstrike
 31670 | Orc:2    | Found Tionn's Magic Scroll Boutique.
 31694 | Orc:2    | Found Leizipn's General Store.
 31725 | Orc:2    | Reached ****** piety under Vehumet
 31945 | Orc:2    | Found Noef Has's Jewellery Shoppe.
 32932 | Orc:2    | Paralysed by an orc sorcerer for 4 turns
 33151 | Orc:2    | Reached XP level 16. HP: 73/147 MP: 29/29
 34077 | Orc:2    | Found Ziwketok's Antique Armour Emporium.
 34077 | Orc:2    | Found Pupevudgh's Book Shoppe.
 34077 | Orc:2    | Found a one-way gate leading to the halls of Pandemonium.
 34088 | Orc:2    | Bought a steaming chain mail for 275 gold pieces
 34088 | Orc:2    | Identified the +6 chain mail of the Marlin {rCorr Int+2}
                  | (You bought it in a shop on level 2 of the Orcish Mines)
 34165 | Orc:2    | Found Reafas's Distillery.
 34184 | Orc:2    | Bought a potion of heal wounds for 70 gold pieces
 34184 | Orc:2    | Bought a potion of heal wounds for 70 gold pieces
 34526 | Lair:1   | Identified 2 scrolls of acquirement
 34735 | D:13     | You fall into a shaft and drop 1 floor!
 34747 | D:14     | Reached skill level 1 in Fire Magic
 34768 | D:14     | Offered knowledge of Freezing Cloud by Vehumet.
 34943 | D:13     | Found a blossoming altar of Fedhas.
 35253 | D:13     | Found a runed translucent door.
 35253 | D:13     | Noticed YayAnonymity's ghost (journeyman FoFi)
 35303 | D:13     | Reached skill level 16 in Stealth
 35346 | D:13     | Killed YayAnonymity's ghost
 35570 | D:14     | Found a gate to the Vaults.
 36384 | D:14     | Found Weifeh's Assorted Antiques.
 36483 | D:15     | Entered Level 15 of the Dungeon
 38075 | D:15     | Found a staircase to the Depths.
 38174 | D:15     | Offered knowledge of Orb of Destruction by Vehumet.
 38614 | Swamp:1  | Entered Level 1 of the Swamp
 38637 | Swamp:1  | Reached skill level 10 in Spellcasting
 39111 | Swamp:1  | Reached skill level 17 in Stealth
 39458 | Swamp:1  | Got a jewelled great mace
 39483 | Swamp:1  | Identified the +7 great mace of Tobryrgh {antimagic, rC+
                  | Str+7 Dex+3} (You found it on level 1 of the Swamp)
 39869 | Swamp:1  | Noticed Kirke
 39931 | Swamp:1  | Killed Kirke
 40743 | Swamp:2  | Reached XP level 17. HP: 142/159 MP: 19/31
 41795 | Swamp:2  | You fall into a shaft and drop 1 floor!
 41829 | Swamp:3  | Offered knowledge of Iron Shot by Vehumet.
 42512 | Swamp:3  | HP: 7/159 [13-headed hydra (7)]
 42512 | Swamp:3  | Slain by a 13-headed hydra

Illustrated notes

Levels and vault maps discovered:
D:1:      ncdulo_watergridlock, layout_loops_corners, minmay_door_square
D:2:      layout_rooms, uniq_terence
D:3:      layout_rooms, wander_ebering_terrifying_dragon_lair,
          uniq_crazy_yiuf_cottage
D:4:      minmay_recursive_quarters, layout_basic, nicolae_ru_awakened_eye,
          zin_statuary
D:5:      layout_gridville, lemuel_crystal_altar, serial_shops, shop,
          dk_noncrumbling_4, uniq_prince_ribbit1, uniq_grinder
D:6:      layout_rooms, kennysheep_mini, lemuel_round_altar,
          minmay_temple_entry_stoned_glass, uniq_pikel
D:7:      layout_layer_cave, nicolae_overflow_crystal_walls
D:8:      layout_basic, kennysheep_little_box, grunt_lair_entry_orc_guard_hut,
          serial_bayou_pond_c, lemuel_angel_altar, uniq_psyche
D:9:      layout_roguey, uniq_erica
D:10:     lemuel_upstairs_altar, layout_irregular_city, serial_shops,
          nicolae_shop_behind_doors
D:11:     layout_roguey
D:12:     layout_rooms, orc_0_dummy, nicolae_trove_entry_crossroad,
          serial_shops, shop, lemuel_flamethrower_3, uniq_sonja
D:13:     layout_rooms, gammafunk_ghost_grave, fedhas_bush_and_centaur_altar
D:14:     layout_basic, david_vaults_1, serial_shops, shop, serial_bayou_pond_d,
          kennysheep_generic_room_14
D:15:     hangedman_depths_entry_try_elsewhere_first, layout_layer_cave
Temple:   regret_index_temple_generic_petals
Lair:1:   layout_hall_layers, chequers_serial_rivers_marsh,
          minmay_stone_trees_small, st_stairs_5, uniq_harold
Lair:2:   layout_regular_city, minmay_snake_entry_guardpost_small,
          nicolae_volcano_entry_vermiform
Lair:3:   layout_hall_layers
Lair:4:   layout_cave_pods, palyth_hydra_swamp_entry,
          chequers_serial_rivers_micro_e, grunt_megastairs_3
Lair:5:   layout_concentric_octagons, infiniplex_staircase_pool_2
Lair:6:   wormcave, layout_gridlike, hangedman_lair_in_review,
          dpeg_slime_entry_enclosed_altar, hangedman_lair_generics_rect
Swamp:1:  layout_basic_swamp, evilmike_swamp_ruin_house_4, uniq_kirke
Swamp:2:  layout_basic_swamp, evilmike_swamp_ruin_house_1, swamp_pool5
Swamp:3:  layout_falls_marsh, evilmike_swamp_ruin_house_5, swamp_pool1,
          nicolae_swamp_hydra_murder_den
Orc:1:    layout_caves, nicolae_alphabet_shops, uniq_nergalle, uniq_snorg
Orc:2:    pf_orc_diabolical, layout_diamond_mine, serial_shops, shop, shop,
          shop_statue, nicolae_shop_competitors_out_of_business,
          nicolae_orc_bridge_out

Skill      XL: |  1  2  3  4  5  6  7  8  9 10 11 12 13 14 15 16 17 |
---------------+----------------------------------------------------+-----
Poison Magic   | 1 2 3 4 5 6 7 8 |  8.7
Armour         | 1 2 3 4 5 6 |  6.3
Spellcasting   | 4 5 6 7 8 9 10 | 10.8
Conjurations   | 2 3 4 5 6 7 |  7.8
Long Blades    | 1 2 3 5 6 8 9 10 12 13 14 | 14.0
Dodging        | 2 3 4 5 6 7 8 9 |  9.0
Fighting       | 1 2 3 5 6 7 8 9 10 11 12 | 12.0
Stealth        | 4 5 7 10 11 13 14 15 17 | 17.4
Air Magic      | 2 3 4 5 6 |  6.4
Earth Magic    | 4 5 |  5.6
Evocations     | 1 |  1.1
Translocations | 2 3 |  3.6
Fire Magic     | 1 |  1.8
Summonings     | |  1.0

Action                   |  1- 3 |  4- 6 |  7- 9 | 10-12 | 13-15 | 16-18 || total
-------------------------+-------+-------+-------+-------+-------+-------++-------
Melee: Dagger            |    15 |       |       |       |       |       ||    15
       Falchion          |    11 |   137 |   460 |   110 |       |       ||   718
       Long sword        |       |       |       |    37 |       |       ||    37
       Scimitar          |       |       |       |   318 |  1159 |   714 ||  2191
       Constrict         |       |       |       |       |   232 |   113 ||   345
Throw: Dart              |       |       |    19 |    17 |       |       ||    36
 Cast: Magic Dart        |    36 |    72 |    61 |    21 |    40 |    38 ||   268
       Mephitic Cloud    |       |     3 |    27 |    51 |   107 |    29 ||   217
       Blink             |       |     2 |     1 |     4 |    15 |    12 ||    34
       Conjure Flame     |       |       |       |     7 |     6 |    11 ||    24
       Stone Arrow       |       |       |       |    21 |    53 |    54 ||   128
       Lee's Rapid Decon |       |       |       |     4 |     2 |       ||     6
       Airstrike         |       |       |       |       |     3 |       ||     3
       Fireball          |       |       |       |       |       |     8 ||     8
 Abil: Spit Poison       |    10 |    21 |    34 |    29 |    10 |     1 ||   105
Evoke: Wand              |       |       |     2 |    11 |     3 |     2 ||    18
  Use: Potion            |       |     3 |    10 |     5 |       |       ||    18
       Scroll            |       |       |     7 |     6 |     8 |     6 ||    27
 Stab: Confused          |       |     1 |    25 |    36 |    82 |    25 ||   169
       Sleeping          |       |       |     8 |     3 |    29 |    10 ||    50
       Paralysed         |       |       |       |     2 |       |     7 ||     9
       Distracted        |       |       |       |     2 |       |     1 ||     3
Armor: Leather armour    |    13 |   162 |   244 |   182 |   358 |   286 ||  1245
Dodge: Dodged            |    15 |   133 |   229 |   274 |   677 |   440 ||  1768
       Rpst.: Falchion   |       |    29 |    71 |    16 |       |       ||   116
       Long sword        |       |       |       |     8 |       |       ||     8
       Scimitar          |       |       |       |    63 |   181 |   119 ||   363

Table legend: (Time is in decaauts)
 A = Elapsed time spent in this place.
 B = Non-inter-level travel time spent in this place.
 C = Inter-level travel time spent in this place.
 D = Time resting spent in this place.
 E = Time spent auto-exploring this place.
 F = Levels seen in this place.
 G = Mean time per level.
                   A        B        C        D        E       F      G
               +--------+--------+--------+--------+--------+-----+--------+
         Total |  49004 |  47030 |   1974 |  13892 |  24240 |  28 | 1750.1 |
       Dungeon |  22979 |  21692 |   1287 |   3634 |  13669 |  15 | 1531.9 |
        Temple |    352 |    309 |     43 |      0 |    289 |   1 |  352.0 |
          Lair |  14628 |  14110 |    518 |   5551 |   6189 |   6 | 2438.0 |
         Swamp |   4277 |   4235 |     42 |   1065 |   2361 |   3 | 1425.7 |
  Orcish Mines |   4999 |   4916 |     83 |   2200 |   1730 |   2 | 2499.5 |
       Volcano |   1765 |   1765 |      0 |   1441 |      0 |   1 | 1765.0 |
               +--------+--------+--------+--------+--------+-----+--------+

Top non-repeatable levels by time:
  Lair:6: 4880 daAuts
   Orc:2: 4059 daAuts
  Lair:4: 2614 daAuts
  Lair:1: 2537 daAuts
     D:7: 2488 daAuts
 Swamp:1: 2213 daAuts
  Lair:2: 2106 daAuts
     D:4: 2074 daAuts
    D:15: 1960 daAuts
     D:8: 1906 daAuts
     D:9: 1876 daAuts
 Volcano: 1765 daAuts
     D:6: 1728 daAuts
    D:14: 1689 daAuts
     D:5: 1617 daAuts
